 Dungeon Crawl Stone Soup version 0.32-a0-119-g2e8054a333 (webtiles) character file.

Game seed: 1227476549837093797

26410 Dirtsage the Mimic (level 13, -6/93 (110) HPs)
             Began as an Octopode Shapeshifter on Feb 6, 2024.
             Was an Initiate of Gozag.
             Killed by vampiric draining
             ... invoked by Josephine
              (21 damage)
             ... on level 3 of the Lair of Beasts.
             The game lasted 00:33:39 (13173 turns).

Dirtsage the Mimic (Octopode Shapeshifter)         Turns: 13173, Time: 00:33:40

HP:   -6/93 (110)   AC: 11    Str: 19    XL:     13   Next: 25%
MP:   13/13         EV: 24    Int: 13    God:    Gozag
Gold: 1772          SH:  0    Dex: 15    Spells: 9/12 levels left

rFire   + .          .
                       - Unarmed
rCold   . . .        (shield currently unavailable)
rNeg    . . .        x - melded +2 hat
rPois   +            A - amulet of regeneration
rElec   .            k - +5 ring of evasion
rCorr   .            E - +5 ring of evasion
SInv    .            K - ring of willpower
Will    +....        F - ring of protection from fire
Stlth   +            u - +4 ring of slaying
HPRegen 1.15/turn    (no ring)
MPRegen 0.13/turn    (no ring)
                     (no ring)

%: no passive effects
@: snake-form, gold aura, slowed, heavily drained, very slow
A: constrict, boosted hp, almost no armour, amphibious, 8 rings, large,
(camouflage 1), (gelatinous body 1), (nimble swimmer 1), (tentacles)
a: Begin Untransformation, Renounce Religion, Potion Petition, Call Merchant,
Bribe Branch


You were on level 3 of the Lair of Beasts.
You worshipped Gozag.
Gozag was most pleased with you.
You were an enormous serpent.
You visited 3 branches of the dungeon, and saw 15 of its levels.

You collected 3424 gold pieces.
You spent 1624 gold pieces at shops.
You paid 28 gold pieces to Gozag.

Inventory:

Armour
 v - a +0 kite shield
 x - a +2 hat (melded)
Magical Staves
 O - a staff of cold
Jewellery
 k - a +5 ring of evasion (left tentacle)
 s - a ring of ice
 u - a +4 ring of slaying (on tentacle)
 A - an amulet of regeneration (around neck)
 E - a +5 ring of evasion (right tentacle)
 F - a ring of protection from fire (on tentacle)
 K - a ring of willpower (on tentacle)
Talismans
 b - a beast talisman
 c - a flux talisman
 m - a maw talisman
 p - a serpent talisman (active)
Wands
 w - a wand of light (14)
 D - a wand of digging (12)
 M - a wand of paralysis (6)
Scrolls
 g - 2 scrolls of fear
 i - 2 scrolls of identify
 n - 2 scrolls of immolation
 o - 2 scrolls of enchant armour
 q - 4 scrolls of vulnerability
 r - a scroll of noise
 t - 3 scrolls of teleportation
 y - a scroll of silence
 B - 2 scrolls of blinking
 C - a scroll of amnesia
 H - 2 scrolls of revelation
 I - a scroll of fog
 P - 3 scrolls of poison {unknown}
Potions
 a - a potion of attraction {unknown}
 d - 4 potions of might
 e - 2 potions of degeneration {unknown}
 f - 2 potions of berserk rage {unknown}
 h - a potion of haste
 j - 5 potions of curing {unknown}
 l - 6 potions of ambrosia {unknown}
 z - 2 potions of enlightenment {unknown}
 G - 2 potions of mutation {unknown}
 J - 2 potions of magic {unknown}
 L - a potion of brilliance
 N - a potion of lignification


   Skills:
 + Level 10.0 Fighting
 + Level 10.1 Dodging
 + Level 10.3 Unarmed Combat
 + Level 3.3 Translocations
 * Level 13.1 Shapeshifting


You had 9 spell levels left.
You knew the following spells:

 Your Spells              Type           Power      Damage    Failure   Level
a - Lesser Beckoning      Tloc           16%        N/A       12%         2
g - Apportation           Tloc           16%        N/A       8%          1

Your spell library contained the following spells:

 Spells                   Type           Power      Damage    Failure   Level
 Blink                    Tloc           16%        N/A       12%         2
 Momentum Strike          Conj/Tloc      8%         3d8       24%         2
 Foxfire                  Conj/Fire      0%         2x1d4     30%         1
 Jinxbite                 Hex            0%         N/A       43%         2
 Passage of Golubria      Tloc           8%         N/A       61%         4
 Inner Flame              Hex/Fire       0%         N/A       67%         3
 Cause Fear               Hex            0%         N/A       97%         4
 Ignite Poison            Fire/Alch      0%         N/A       97%         4
 Sticky Flame             Fire/Alch      0%         2d4       97%         4
 Alistair's Intoxication  Alch           0%         N/A       100%        5
 Fireball                 Conj/Fire      0%         3d3       100%        5
 Irradiate                Conj/Alch      0%         3d11      100%        5
 Silence                  Hex/Air        0%         N/A       100%        5
 Plasma Beam              Fire/Air       0%         2x1d10    100%        6
 Starburst                Conj/Fire      0%         6d3       100%        6
 Haunt                    Necr/Summ      0%         N/A       100%        7
 Borgnjor's Revivificati  Necr           0%         N/A       100%        8
 Ignition                 Fire           0%         3d3       100%        8
 Lehudib's Crystal Spear  Conj/Erth      0%         10d2      100%        8
 Death's Door             Necr           0%         N/A       100%        9
 Dragon's Call            Summ           0%         N/A       100%        9


Dungeon Overview and Level Annotations

Branches:
Dungeon (11/15)            Temple (1/1) D:7            Lair (3/5) D:11
 Shoals (0/4) Lair:2        Snake (0/4) Lair:2          Orc (0/2) D:11

Altars:
Ashenzari
Cheibriados
Dithmenos
Elyvilon
Fedhas
Gozag
Hepliaklqana
Kikubaaqudgha
Makhleb
Nemelex Xobeh
Okawaru
Qazlal
Ru
Sif Muna
Trog
Uskayaw
Vehumet
Wu Jian
Xom
Yredelemnul
Zin
The Shining One

Shops:
D:4 =   D:9 =   D:11 [

Portals:
Abyss: Lair:2

Annotations:
Lair:2 2 transporters, Bokken's ghost, journeyman GrEE
Lair:3 Josephine


Innate Abilities, Weirdness & Mutations

You are an enormous serpent.
You have a powerful constriction melee attack.
Your maximum health is increased.
Your armour is entirely melded.
You are incapable of wielding weapons or throwing items.
You cannot wear most types of armour.
You are amphibious.
You can wear up to eight rings at the same time.
((Your skin changes colour to match your surroundings (Stealth+).))
((Your rubbery body absorbs attacks. (AC +1, EV +1)))
((You are camouflaged when in or above water. (Stealth+)))
((You have tentacles for arms and can constrict up to eight enemies at once.))


Message History

You are too injured to fight recklessly!
You are too injured to fight recklessly!
You take 54 damage, and have 56/102 hp.
MASSIVE DAMAGE!!
You are too injured to fight recklessly!
You are too injured to fight recklessly!
You are too injured to fight recklessly!
You are too injured to fight recklessly!
You are too injured to fight recklessly!
You are too injured to fight recklessly!
You are too injured to fight recklessly!
You are too injured to fight recklessly!
You are too injured to fight recklessly!
You are too injured to fight recklessly!
You are too injured to fight recklessly!
You closely miss the wraith.
The wraith is almost destroyed.
Josephine barely misses you. The wraith misses you.
You lash the wraith!
You destroy the wraith!
Josephine is distracted by your dazzling golden aura.
You regained 2 hp, and now have 59/103 hp.
You catch the helpless Josephine completely off-guard!
You body-slam Josephine!!
Josephine is no longer distracted by gold.
Your grab misses Josephine.
Josephine is heavily wounded.
Josephine points at you and mumbles some strange words.
The ghostly flame explodes!
The ghostly fireball engulfs you!
You feel drained.
The ghostly fireball engulfs Josephine.
Josephine completely resists.
Josephine gestures at you while chanting.
The ghostly flame explodes!
The ghostly fireball engulfs you!!
You feel drained.
* * * LOW HITPOINT WARNING * * *
The ghostly fireball engulfs Josephine.
Josephine completely resists.
You take 45 damage, and have 14/93 hp.
MASSIVE DAMAGE!!
You lash Josephine! You grab Josephine.
Josephine is severely wounded.
You constrict Josephine. Josephine draws life force from you!!
You die...
Your body crumbles into a pile of gold.

#..........................
#......#####.###....#######
##....## ### ###### #
#.....## # #......# ##
#.....## ## ♣♣#.
#.....#####.#####. ♣♣..#
##......$..$...... ♣♣.♣..
#........S@...(.♣ ♣♣.♣♣..
#..............>.♣ ♣♣.♣♣♣..
##..............♣♣ ♣.♣♣ ♣..
#.....####.####♣ ♣♣.♣ ##.
##....P# ## ♣.♣♣ ##
#P....##### ♣.♣
#.....#...###♣♣ ♣♣.♣♣
##............♣ ♣.)(♣
#............♣♣♣♣..♣♣


You could see Josephine.

Vanquished Creatures
  Gastronok (Lair:3)
  A hydra (Lair:2)
  2 catoblepae
  A boulder beetle (Lair:3)
  A skyshark (Lair:3)
  An ugly thing (D:11)
  A manticore (D:11)
  A cyclops (D:11)
  A gargoyle (D:11)
  7 cane toads
  Maggie (D:6)
  A rime drake (Lair:3)
  2 komodo dragons
  A polar bear (Lair:3)
  A troll (D:11)
  3 blink frogs (Lair:2)
  A snapping turtle (Lair:2)
  Sigmund (D:2)
  A vampire (D:11)
  43 yaks
  A shadow (D:10)
  6 wyverns
  A water elemental (Lair:2)
  6 wraiths
  A fire elemental (Lair:2)
  2 basilisks
  3 steam dragons
  3 nagas (Lair:2)
  8 water moccasins
  An acid dragon (D:11)
  A sky beast (D:8)
  6 orc warriors
  2 ice beasts
  4 black bears
  An ogre (D:6)
  4 boggarts (Lair:3)
  5 wolves
  10 centaurs
  3 kobold brigands
  2 phantoms
  Blork the orc (D:6)
  10 bullfrogs
  A scorpion (D:4)
  2 gnoll sergeants
  10 wights
  4 killer bees (D:8)
  2 electric eels
  4 bombardier beetles
  3 howler monkeys
  2 lava snakes
  4 orc priests
  2 gnoll boudas
  Jessica (D:2)
  Natasha (thrice) (D:2)
  8 iguanas
  10 orc wizards
  15 gnolls
  6 adders
  A shadow imp (D:5)
  4 ribbon worms
  4 dart slugs
  31 orcs
  3 bats
  8 endoplasms
  4 giant cockroaches
  9 hobgoblins
  7 jackals
  4 quokkas
  9 ball pythons
  9 frilled lizards
  4 goblins
  12 kobolds
  6 rats
345 creatures vanquished.

Notes
Turn   | Place    | Note
-------+----------+-------------------------------------------
     0 | D:1      | Dirtsage the Octopode Shapeshifter began the quest for the
                  | Orb.
     0 | D:1      | Reached XP level 1. HP: 13/13 MP: 1/1
   189 | D:1      | Reached XP level 2. HP: 15/18 MP: 2/2
   557 | D:1      | Reached XP level 3. HP: 15/23 MP: 3/3
  1014 | D:2      | Noticed Jessica
  1174 | D:2      | Noticed Natasha
  1182 | D:2      | HP: 1/23 [Natasha (4)]
  1183 | D:2      | Killed Natasha
  1184 | D:2      | Reached XP level 4. HP: 2/29 MP: 4/4
  1381 | D:2      | Noticed Sigmund
  1403 | D:2      | Killed Sigmund
  1404 | D:2      | Reached skill level 4 in Shapeshifting
  1404 | D:2      | Reached XP level 5. HP: 35/35 MP: 5/5
  1404 | D:2      | Reached XP level 6. HP: 41/41 MP: 6/6
  1468 | D:2      | Killed Jessica
  1561 | D:2      | Noticed Natasha
  1573 | D:2      | Killed Natasha
  1677 | D:2      | Noticed Natasha
  1682 | D:2      | Killed Natasha
  2181 | D:3      | Found a stormy altar of Qazlal.
  2182 | D:3      | Found a radiant altar of Vehumet.
  2182 | D:3      | Found a snail-covered altar of Cheibriados.
  2183 | D:3      | Found a shimmering altar of Xom.
  2185 | D:3      | Found a blossoming altar of Fedhas.
  2185 | D:3      | Found a sacrificial altar of Ru.
  2185 | D:3      | Found an iron altar of Okawaru.
  2185 | D:3      | Found a shimmering blue altar of Sif Muna.
  2185 | D:3      | Found a glowing silver altar of Zin.
  2187 | D:3      | Found a basalt altar of Yredelemnul.
  2187 | D:3      | Found a sparkling altar of Nemelex Xobeh.
  2187 | D:3      | Found an opulent altar of Gozag.
  2196 | D:3      | Became a worshipper of Gozag Ym Sagoz the Greedy
  2818 | D:4      | Reached skill level 5 in Shapeshifting
  2818 | D:4      | Reached XP level 7. HP: 46/46 MP: 7/7
  2965 | D:4      | Found Gafeda's Jewellery Shoppe.
  3093 | D:4      | You fall into a shaft and drop 2 floors!
  3313 | D:6      | Reached XP level 8. HP: 54/54 MP: 8/8
  3381 | D:5      | Entered Level 5 of the Dungeon
  3410 | D:5      | Reached skill level 5 in Unarmed Combat
  3410 | D:5      | Reached skill level 6 in Shapeshifting
  4448 | D:5      | Reached skill level 5 in Dodging
  4808 | D:6      | Noticed Blork the orc
  4815 | D:6      | Killed Blork the orc
  4938 | D:6      | Reached skill level 7 in Shapeshifting
  4973 | D:6      | Reached XP level 9. HP: 60/60 MP: 9/9
  5016 | D:6      | Reached skill level 5 in Fighting
  5099 | D:6      | Noticed Maggie
  5107 | D:6      | Killed Maggie
  5409 | D:4      | Bought a +5 ring of evasion for 504 gold pieces
  5815 | D:7      | Reached skill level 8 in Shapeshifting
  5940 | D:7      | Found a staircase to the Ecumenical Temple.
  6071 | Temple   | Entered the Ecumenical Temple
  6231 | D:7      | Noticed a komodo dragon
  6257 | D:7      | Killed a komodo dragon
  6261 | D:7      | Reached XP level 10. HP: 68/68 MP: 10/10
  6360 | D:8      | Identified the +4 short sword of Eduimeif {flame, rF+ Will+
                  | Int+2}
  6425 | D:8      | Identified the +4 mace of Nehuirgh {holy, rF+}
  6687 | D:8      | Reached skill level 9 in Shapeshifting
  7515 | D:4      | Bought a ring of willpower for 350 gold pieces
  7733 | D:9      | Reached skill level 10 in Shapeshifting
  7743 | D:9      | Reached XP level 11. HP: 75/75 MP: 11/11
  8043 | D:9      | Found Cifede's Jewellery Shoppe.
  8052 | D:9      | Bought a maw talisman for 420 gold pieces
  8978 | D:9      | Bought a ring of protection from fire for 350 gold pieces
  9000 | D:10     | Entered Level 10 of the Dungeon
  9665 | D:11     | Found Irempov's Armour Emporium.
  9743 | D:11     | Noticed a manticore
  9838 | D:11     | Killed a manticore
  9885 | D:11     | Reached skill level 11 in Shapeshifting
  9897 | D:11     | Noticed a cyclops
  9957 | D:11     | Killed a cyclops
 10117 | D:11     | Noticed a cyan ugly thing
 10129 | D:11     | Killed a cyan ugly thing
 10179 | D:11     | Found a staircase to the Lair.
 10237 | D:11     | Found a staircase to the Orcish Mines.
 10599 | Lair:1   | Entered Level 1 of the Lair of Beasts
 10789 | Lair:1   | Noticed a catoblepas
 10801 | Lair:1   | Killed a catoblepas
 10802 | Lair:1   | Reached XP level 12. HP: 62/84 MP: 12/12
 11360 | Lair:2   | Noticed a five-headed hydra
 11370 | Lair:1   | Reached skill level 12 in Shapeshifting
 11529 | Lair:2   | Killed a five-headed hydra
 11646 | Lair:2   | Found a staircase to the Shoals.
 11652 | Lair:2   | Reached skill level 1 in Translocations
 11732 | Lair:2   | Found a transporter.
 11750 | Lair:2   | Found a one-way gate to the infinite horrors of the Abyss.
 11757 | Lair:2   | Noticed Bokken's ghost (journeyman GrEE)
 11758 | Lair:2   | Noticed a hell hog
 11758 | Lair:2   | Noticed a rakshasa
 11767 | Lair:2   | Found a transporter.
 11983 | Lair:2   | Found a staircase to the Snake Pit.
 12391 | Lair:3   | Noticed a catoblepas
 12409 | Lair:3   | Killed a catoblepas
 12467 | Lair:3   | Reached skill level 10 in Unarmed Combat
 12768 | Lair:3   | Reached XP level 13. HP: 91/91 MP: 13/13
 12932 | Lair:3   | Learned a level 2 spell: Lesser Beckoning
 12955 | Lair:3   | Noticed Gastronok
 12972 | Lair:3   | Killed Gastronok
 12973 | Lair:3   | Reached skill level 10 in Dodging
 12973 | Lair:3   | Reached skill level 13 in Shapeshifting
 13080 | Lair:3   | Reached skill level 10 in Fighting
 13082 | Lair:3   | Learned a level 1 spell: Apportation
 13158 | Lair:3   | Noticed Josephine
 13173 | Lair:3   | Killed from afar by Josephine

Illustrated notes

Levels and vault maps discovered:
D:1:      heliophobic_arrival_ceremonial_halls, layout_basic
D:2:      layout_rooms, uniq_sigmund, uniq_jessica, uniq_natasha
D:3:      layout_loops_cross, nicolae_overflows_in_rows, kennysheep_cross_room,
          minmay_quadrilaterals
D:4:      layout_basic, serial_shops, shop, minmay_crystal_water,
          serial_bayou_pond_a, minmay_goblin_kobold_house
D:5:      layout_basic, serial_aquarium, aquarium_bridge_square
          [aquarium_subvault_window, aquarium_subvault_wall,
          aquarium_subvault_bridge, aquarium_subvault_bridge],
          aquarium_bridge_island_small [aquarium_subvault_small_open,
          aquarium_subvault_wall, aquarium_subvault_wall,
          aquarium_subvault_window, aquarium_subvault_bridge],
          aquarium_window_1, aquarium_window_corridor_3, aquarium_view_2c,
          aquarium_view_2d, aquarium_balcony_double_1, aquarium_pool_2
D:6:      layout_loops_cross, uniq_maggie, uniq_blork_the_orc
D:7:      layout_basic, minmay_temple_entry_overgrown, nicolae_lava_and_water,
          serial_library_hellmonk_double_dead_end, minmay_fountain_box,
          hex_large, minmay_lizard_king
D:8:      nzn_winding_woodlands_medium [nzn_winding_woodlands_5x5_checkerboard,
          nzn_winding_woodlands_5x15_default, nzn_winding_woodlands_5x5_cross,
          nzn_winding_woodlands_5x5_closed_star,
          nzn_winding_woodlands_center_diamonds,
          nzn_winding_woodlands_5x5_three, nzn_winding_woodlands_5x5_open_star,
          nzn_winding_woodlands_5x15_pool, nzn_winding_woodlands_5x5_perimeter],
          layout_basic, kennysheep_minor_cross, centaur_isle
D:9:      layout_stronghold, serial_shops, nicolae_lakefront_shop
D:10:     layout_loops_cross
D:11:     layout_small_grid, dpeg_oklobed_lair, serial_shops, shop
Temple:   jpeg_temple_alley_garden
Lair:1:   layout_misc_corridors, serial_bayou_pond_e, infiniplex_staircase_pool
Lair:2:   layout_gridlike, minmay_shoals_entry_hut, nicolae_snake_entry_squirm,
          gammafunk_ghost_abyssal_escape, minivault_19
Lair:3:   layout_long_grid, kilobyte_rumbling_trees, uniq_josephine,
          uniq_gastronok

Skill      XL: |  1  2  3  4  5  6  7  8  9 10 11 12 13 |
---------------+----------------------------------------+-----
Fighting       | 2 3 4 6 7 8 9 10 | 10.0
Dodging        | 3 4 5 6 7 8 9 10 | 10.1
Shapeshifting  | 4 5 7 8 10 11 12 13 | 13.1
Unarmed Combat | 4 5 6 7 9 10 | 10.3
Translocations | 2 3 |  3.3

Action                     |  1- 3 |  4- 6 |  7- 9 | 10-12 | 13-15 || total
---------------------------+-------+-------+-------+-------+-------++-------
  Melee: Unarmed           |    51 |    95 |   232 |   638 |    90 ||  1106
         Tentacles         |     6 |    19 |    69 |    75 |       ||   169
         Constrict         |    11 |    22 |    61 |   125 |    11 ||   230
         Punch             |     2 |     7 |    12 |     2 |       ||    23
         Maw               |       |       |       |     4 |       ||     4
  Evoke: Wand              |       |       |     2 |     1 |     2 ||     5
    Use: Potion            |       |     1 |       |       |       ||     1
         Scroll            |       |     3 |     1 |    12 |       ||    16
   Stab: Sleeping          |     2 |     5 |    10 |       |       ||    17
         Distracted        |       |       |     2 |     2 |     1 ||     5
         Invisible         |       |       |     1 |       |       ||     1
 Armour: Skin              |    17 |    25 |    59 |   215 |    32 ||   348
  Dodge: Dodged            |    24 |    48 |   165 |   590 |    66 ||   893
   Form: Flux              |       |       |     1 |     1 |       ||     2
         Serpent           |       |       |       |     3 |       ||     3
         Maw               |       |       |       |     3 |       ||     3

Table legend: (Time is in decaauts)
 A = Elapsed time spent in this place.
 B = Non-inter-level travel time spent in this place.
 C = Inter-level travel time spent in this place.
 D = Time resting spent in this place.
 E = Time spent auto-exploring this place.
 F = Levels seen in this place.
 G = Mean time per level.
                   A        B        C        D        E       F      G
               +--------+--------+--------+--------+--------+-----+--------+
         Total |  13029 |  12208 |    821 |    160 |   9472 |  15 |  868.6 |
       Dungeon |  10512 |   9811 |    701 |    160 |   7713 |  11 |  955.6 |
        Temple |      1 |      1 |      0 |      0 |      0 |   1 |    1.0 |
          Lair |   2515 |   2395 |    120 |      0 |   1759 |   3 |  838.3 |
               +--------+--------+--------+--------+--------+-----+--------+

Top non-repeatable levels by time:
     D:9: 1396 daAuts
     D:5: 1129 daAuts
     D:8: 1107 daAuts
     D:1: 1039 daAuts
  Lair:2: 975 daAuts
     D:4: 958 daAuts
     D:7: 906 daAuts
     D:6: 884 daAuts
     D:3: 818 daAuts
    D:11: 808 daAuts
  Lair:1: 780 daAuts
    D:10: 770 daAuts
  Lair:3: 759 daAuts
     D:2: 693 daAuts
  Temple: 1 daAuts
